 Dungeon Crawl Stone Soup version 0.29-a0-352-g0917bc69df (webtiles) character file.

Game seed: 3536313486628348548

149 Colgate the Sneak (level 5, 0/30 HPs)
             Began as a Kobold Brigand on Apr 24, 2022.
             Slain by a goblin
             ... wielding a +0 dagger
             ... led by Robin
              (3 damage)
             ... on level 3 of the Dungeon.
             The game lasted 00:04:26 (1991 turns).

Colgate the Sneak (Kobold Brigand)                  Turns: 1991, Time: 00:04:27

Health: 0/30       AC:  3    Str:  9    XL:     5   Next: 57%
Magic:  5/5        EV: 14    Int: 12    God:
Gold:   52         SH:  0    Dex: 18    Spells: 4/4 levels left

rFire   . . .      SeeInvis .   b - +0 dagger (venom)
rCold   . . .      Faith    .   (no shield)
rNeg    . . .      Spirit   .   j - +0 robe
rPois   .          Reflect  .   (no helmet)
rElec   .          Harm     .   c - +0 cloak
rCorr   .          Rampage  .   (no gloves)
Will    .....                   (no boots)
Stlth   +++++.....              (no amulet)
HPRegen 0.10/turn               (no ring)
MPRegen 0.09/turn               (no ring)

@: no status effects
A: small, no large weapons, nightstalker 3
a: no special abilities


You were on level 3 of the Dungeon.
You visited 1 branch of the dungeon, and saw 3 of its levels.

You collected 52 gold pieces.

Inventory:

Hand Weapons
 a - a +2 dagger
 b - a +0 dagger of venom (weapon)
Missiles
 d - 15 poisoned darts (quivered)
 e - 3 curare-tipped darts
Armour
 c - a +0 cloak (worn)
 j - a +0 robe (worn)
Wands
 q - a wand of flame (1)
Scrolls
 f - a scroll of fog
 i - a scroll of amnesia
 k - a scroll of teleportation {@r3}
 l - a scroll of summoning {unknown}
 n - a scroll of immolation {unknown}
Potions
 g - 2 potions of attraction
 h - 2 potions of curing {@q1}
 m - a potion of berserk rage
 o - a potion of lignification {unknown}
 p - 2 potions of heal wounds {unknown}


   Skills:
 - Level 2.1 Fighting
 - Level 6.0 Short Blades
 - Level 2.1 Throwing
 - Level 1.2 Dodging
 + Level 6.7 Stealth


You had 4 spell levels left.
You didn't know any spells.
Your spell library contained the following spells:

 Spells                   Type           Power      Damage    Failure   Level
 Magic Dart               Conj           0%         1d3       32%         1
 Call Imp                 Summ           0%         N/A       45%         2
 Mephitic Cloud           Conj/Pois/Air  0%         N/A       69%         3


Dungeon Overview and Level Annotations

Branches:
Dungeon (3/15)

Altars:
Makhleb
Vehumet

Portals:
Sewer: D:3

Annotations:
D:3 Robin


Innate Abilities, Weirdness & Mutations

You are small and have problems with some larger weapons.
You are completely attuned to the shadows.


Message History

You hit the giant cockroach but do no damage.
The giant cockroach looks as sick as possible!
You kill the giant cockroach!
The goblin hits you but does no damage. The goblin barely misses you.
The rat bites you.
You hit the river rat but do no damage.
The river rat is poisoned.
The goblin closely misses you.
A goblin comes into view. It is wielding a +0 club.
The river rat misses you. The goblin hits you but does no damage.
The goblin barely misses you. The rat bites you but does no damage.
You hit the river rat but do no damage.
The river rat looks as sick as possible!
The goblin closely misses you. x2; The goblin hits you but does no damage.
The river rat closely misses you.
You hit the river rat but do no damage.
The river rat looks as sick as possible!
The rat splashes around in the water.
You closely miss the river rat. The river rat misses you.
The goblin closely misses you. The goblin barely misses you.
The goblin hits you with a +0 club.
Robin roars a battlecry!
The goblins go into a battle-frenzy!
The rat bites you but does no damage.
You barely miss the river rat. The goblin misses you.
The goblin hits you with a +0 dagger. The goblin hits you with a +0 club.
The river rat barely misses you.
You hit the river rat but do no damage.
The river rat looks as sick as possible!
The rat barely misses you.
You barely miss the river rat. The goblin closely misses you.
The river rat bites you. The goblin barely misses you.
The goblin hits you with a +0 club.
* * * LOW HITPOINT WARNING * * *
The rat splashes around in the water.
You closely miss the river rat. The goblin hits you with a +0 dagger.
* * * LOW HITPOINT WARNING * * *
The river rat bites you.
* * * LOW HITPOINT WARNING * * *
The goblin closely misses you. The goblin hits you with a +0 dagger.
You die...

........###########******,**,,,*,
...................,,,,,,,,,,,,+,
..†....#####...†###*,***,***,,,*,
†......# ####.#.g..,,,,,,* *,,,*,
.......###.##.#.#####**,,* **+**,
)......##.._#...#≈≈≈≈≈*,** *,**,
.^.....'....#..g#≈≈∩≈≈*,,****,**,
.......##.._#.gg#r≈≈≈≈*,,,,,,,**,
.......###.##..g@rr≈≈≈*,,,,,,,**,
,*###### ###...g#####**,,,,,,,**,
,,,* *......,,,,,,,,,,,,,**, ,,,*
*......,***********,**, ,,,*
*,..##*,* *,**, ,,,* *****,,,*
*,**, **** *,,,******** *,**,
*,,,**,,,,,* *,**,
***,,+,,,,,***#+##+


You could see Robin, a river rat (extremely poisoned), 4 goblins and 2 rats.

Vanquished Creatures
  A crimson imp (D:3)
  A jelly (D:2)
  Jessica (D:3)
  An adder (D:2)
  2 dart slugs (D:1)
  6 bats
  4 endoplasms (D:1)
  4 giant cockroaches
  2 goblins
  8 hobgoblins
  3 quokkas
  2 ball pythons (D:2)
  A frilled lizard (D:2)
  3 kobolds (D:1)
  7 rats
46 creatures vanquished.

Notes
Turn   | Place    | Note
-------+----------+-------------------------------------------
     0 | D:1      | Colgate the Kobold Brigand began the quest for the Orb.
     0 | D:1      | Reached XP level 1. HP: 12/12 MP: 1/1
   131 | D:1      | Reached XP level 2. HP: 10/17 MP: 2/2
   515 | D:1      | Reached XP level 3. HP: 14/21 MP: 3/3
  1563 | D:2      | Reached XP level 4. HP: 26/26 MP: 4/4
  1737 | D:2      | Reached skill level 5 in Short Blades
  1924 | D:3      | Noticed Jessica
  1928 | D:3      | Killed Jessica
  1929 | D:3      | Reached XP level 5. HP: 30/30 MP: 5/5
  1951 | D:3      | Found a radiant altar of Vehumet.
  1951 | D:3      | Found a burning altar of Makhleb.
  1976 | D:3      | Noticed Robin
  1980 | D:3      | Found a glowing drain.
  1991 | D:3      | Slain by a goblin

Illustrated notes

Levels and vault maps discovered:
D:1:      lemuel_arrival_hallway, layout_loops_ring
D:2:      layout_loops_cross
D:3:      layout_basic, lemuel_coloured_pillars_altar,
          grunt_temple_overflow_lords_of_destruction, portal_sewer_entry_c,
          uniq_robin, uniq_jessica, uniq_ijyb

Skill      XL: |  1  2  3  4 |
---------------+-------------+-----
Short Blades   | 3 4 6 |  6.0
Stealth        | 6 |  6.7
Fighting       | |  2.1
Throwing       | |  2.1
Dodging        | |  1.2

Action                   |  1- 3 |  4- 6 || total
-------------------------+-------+-------++-------
Melee: Dagger            |    66 |    29 ||    95
  Use: Scroll            |     5 |     2 ||     7
 Stab: Sleeping          |    18 |     6 ||    24
Armor: Robe              |    10 |     7 ||    17
Dodge: Dodged            |    29 |    24 ||    53

Table legend: (Time is in decaauts)
 A = Elapsed time spent in this place.
 B = Non-inter-level travel time spent in this place.
 C = Inter-level travel time spent in this place.
 D = Time resting spent in this place.
 E = Time spent auto-exploring this place.
 F = Levels seen in this place.
 G = Mean time per level.
                   A        B        C        D        E       F      G
               +--------+--------+--------+--------+--------+-----+--------+
         Total |   1972 |   1922 |     50 |      0 |   1624 |   3 |  657.3 |
       Dungeon |   1972 |   1922 |     50 |      0 |   1624 |   3 |  657.3 |
               +--------+--------+--------+--------+--------+-----+--------+

Top non-repeatable levels by time:
     D:1: 1211 daAuts
     D:2: 678 daAuts
     D:3: 82 daAuts
